Map: [ESL] Cosmic Sapphire

Players

MasTeR - Winner!

  • Race: Protoss Protoss
  • Spawn Location: 5:00

Cham

  • Race: Zerg Zerg
  • Spawn Location: 11:00

Event: DreamHack SC2 Masters 2022 Atlanta (Online)

VOD

Have the link to the VOD?

Description

Time

  • Played on: Sept. 29, 2022, 5:06 p.m.
  • Length: 19:58

All games in this series

Show
View Real Time Build Order
Export as new Build Order

MasTeR Protoss - Winner!

Build Orders: 1 Gate Expand, Oracle Opening 

Get SALT Encoding   

  12  0:00  Probe  
  13  0:12  Probe  
  14  0:20  Pylon  
  14  0:24  Probe  
  15  0:38  Probe (Chrono Boost)  
  15  0:41  Gateway  
  16  0:46  Probe (Chrono Boost)  
  17  0:52  Probe, Assimilator  
  18  1:04  Probe  
  19  1:16  Probe  
  20  1:27  Nexus  
  20  1:33  Cybernetics Core  
  20  1:36  Probe  
  21  1:43  Assimilator  
  21  1:48  Probe  
  21  1:52  Pylon  
  22  2:00  Probe (Chrono Boost)  
  23  2:11  Adept  
  23  2:13  Probe (Chrono Boost)  
  26  2:16  Stargate  
  26  2:19  Probe (Chrono Boost)  
  27  2:26  Warp Gate  
  27  2:27  Probe (Chrono Boost)  
  29  2:38  Probe (Chrono Boost)  
  29  2:41  Probe (Chrono Boost)  
  30  2:45  Stalker  
  30  2:47  Probe (Chrono Boost)  
  30  2:48  Probe (Chrono Boost)  
  34  2:53  Probe x2 (Chrono Boost)  
  36  3:02  Oracle (Chrono Boost)  
  36  3:05  Probe x2  
  41  3:09  Pylon  
  41  3:17  Probe x2  
  43  3:29  Probe x2  
  43  3:31  Oracle (Chrono Boost)  
  48  3:38  Nexus  
  48  3:42  Pylon  
  49  3:48  Probe x2  
  49  3:53  Twilight Council  
  50  3:59  Gateway  
  50  4:00  Gateway  
  50  4:07  Gateway  
  50  4:11  Probe x2  
  50  4:14  Stalker  
  54  4:20  Assimilator  
  54  4:22  Shield Battery  
  54  4:23  Probe x2  
  56  4:24  Resonating Glaives (Chrono Boost)  
  56  4:35  Probe x2  
  58  4:38  Adept  
  58  4:40  Pylon  
  60  4:47  Probe (Chrono Boost)  
  60  4:48  Probe (Chrono Boost)  
  60  4:50  Probe (Chrono Boost)  
  63  4:54  Adept  
  63  4:57  Forge  
  66  5:01  Adept  
  66  5:02  Adept x2  
  66  5:05  Probe x2 (Chrono Boost)  
  66  5:06  Probe (Chrono Boost)  
  74  5:10  Probe (Chrono Boost)  
  74  5:12  Pylon  
  74  5:13  Probe x2 (Chrono Boost)  
  77  5:15  Adept  
  80  5:22  Adept x2  
  80  5:25  Adept  
  85  5:30  Probe x2  
  85  5:33  Probe  
  85  5:34  Assimilator  
  88  5:36  Protoss Ground Weapons Level 1, Pylon  
  88  5:39  Gateway  
  88  5:41  Gateway  
  88  5:42  Probe  
  89  5:43  Adept, Probe  
  89  5:45  Blink (Chrono Boost)  
  89  5:48  Probe  
  93  5:54  Probe  
  93  5:55  Probe  
  92  6:04  Probe  
  92  6:06  Stalker  
  92  6:07  Stalker x3  
  92  6:08  Shield Battery  
  99  6:12  Robotics Facility, Probe  
  99  6:13  Probe  
  83  6:29  Gateway  
  83  6:33  Stalker x4  
  83  6:38  Gateway  
  91  6:40  Photon Cannon  
  91  6:42  Nexus  
  91  6:46  Stalker x2  
  95  6:48  Pylon  
  95  6:54  Pylon x2  
  95  6:57  Warp Prism (Chrono Boost), Stalker  
  99  7:06  Stalker  
  99  7:08  Stalker x2  
  105  7:12  Stalker x2  
  109  7:20  Photon Cannon  
  109  7:22  Shield Battery  
  109  7:24  Oracle (Chrono Boost)  
  109  7:28  Probe x2  
  109  7:29  Pylon  
  114  7:36  Adept x5  
  124  7:38  Probe  
  125  7:45  Pylon  
  125  7:46  Gateway  
  125  7:47  Probe  
  125  7:48  Probe, Gateway  
  127  7:52  Probe  
  127  7:54  Probe  
  123  8:00  Probe x2  
  123  8:04  Probe  
  118  8:08  Stalker x6  
  118  8:11  Probe  
  131  8:18  Probe  
  130  8:20  Probe  
  130  8:24  Oracle (Chrono Boost)  
  130  8:25  Gateway  
  131  8:32  Adept x7, Gateway  
  148  8:37  Protoss Ground Armor Level 1 (Chrono Boost)  
  148  8:46  Pylon  
  148  8:53  Stalker x3  
  142  8:59  Stalker  
  142  9:00  Zealot x3  
  142  9:01  Zealot x3  
  139  9:16  Stalker x3  
  145  9:29  Probe  
  145  9:30  Probe x3  
  145  9:35  Stalker x3  
  151  9:39  Nexus  
  151  9:40  Pylon  
  151  9:41  Probe, Pylon  
  151  9:42  Probe  
  151  9:43  Pylon  
  151  9:44  Adept x2  
  151  9:45  Adept  
  159  9:46  Probe  
  159  9:47  Probe  
  161  9:54  Probe x2  
  161  10:06  Probe  
  158  10:07  Stalker x2  
  158  10:08  Stalker x2  
  158  10:09  Zealot x5  
  158  10:10  Zealot x2  
  159  10:21  Probe  
  151  10:22  Probe  
  151  10:23  Probe  
  151  10:24  Probe  
  146  10:31  Adept x3  
  146  10:32  Adept x4  
  146  10:33  Probe  
  146  10:34  Probe  
  161  10:35  Probe  
  161  10:37  Probe  
  160  10:43  Photon Cannon  
  160  10:44  Photon Cannon  
  160  10:45  Probe, Assimilator  
  160  10:46  Probe  
  160  10:47  Probe  
  160  10:49  Assimilator  
  163  10:54  Stalker x4  
  165  11:00  Zealot x3  
  163  11:06  Pylon  
  163  11:07  Probe (Chrono Boost)  
  154  11:12  Probe x3 (Chrono Boost)  
  154  11:13  Probe (Chrono Boost)  
  154  11:16  Probe (Chrono Boost)  
  155  11:18  Adept x2  
  155  11:19  Adept  
  155  11:20  Probe x4 (Chrono Boost)  
  155  11:21  Probe (Chrono Boost)  
  166  11:28  Assimilator  
  166  11:30  Probe  
  167  11:33  Charge (Chrono Boost)  
  167  11:35  Robotics Facility  
  167  11:41  Stalker x3  
  167  11:42  Stalker x2  
  165  11:53  Stalker x2  
  165  11:54  Stalker  
  163  12:01  Probe x2  
  148  12:04  Probe x2  
  148  12:05  Probe  
  127  12:11  Stalker x3  
  127  12:13  Probe  
  127  12:14  Probe  
  127  12:16  Probe  
  124  12:23  Adept x5  
  134  12:36  Probe x4  
  138  12:40  Stalker x3  
  138  12:42  Probe  
  145  12:45  Photon Cannon  
  145  12:47  Photon Cannon  
  145  12:48  Probe x3  
  146  12:52  Probe  
  146  12:54  Probe  
  138  13:00  Stalker x6  
  138  13:01  Stalker  
  146  13:06  Adept x3  
  146  13:08  Probe  
  151  13:17  Assimilator  
  151  13:22  Stalker x2  
  155  13:28  Assimilator  
  155  13:32  Stalker x4  
  163  13:37  Nexus  
  157  13:42  Stalker x5  
  157  13:48  Stalker x3  
  173  13:55  Stalker x2  
  173  13:56  Stalker  
  179  14:05  Stalker x2  
  179  14:06  Stalker x2  
  179  14:09  Zealot x2  
  161  14:18  Stalker  
  161  14:19  Stalker x4  
  161  14:23  Adept  
  141  14:30  Probe x3  
  142  14:33  Adept x4  
  150  14:52  Stalker x5  
  148  15:00  Stalker  
  148  15:01  Stalker x3  
  152  15:11  Zealot  
  152  15:12  Zealot x2  
  148  15:18  Stalker x4  
  148  15:24  Zealot x3  
  148  15:41  Stalker x3  
  148  15:42  Stalker x3  
  156  15:48  Zealot x3  
  156  15:56  Zealot  
  156  15:57  Zealot x2  
  142  16:06  Zealot x4  
  134  16:20  Probe  
  134  16:24  Zealot  
  134  16:25  Zealot x6  
  131  16:29  Zealot x2  
  131  16:46  Zealot x5  
  131  16:47  Zealot x2  
  131  17:05  Sentry x5  
  133  17:11  Zealot x6  
  143  17:21  Immortal x2 (Chrono Boost)  
  149  17:33  Stalker x3  
  145  17:39  Zealot x2  
  145  17:48  Pylon  
  145  17:50  Zealot x3  
  143  17:58  Templar Archives  
  143  18:04  Stalker x3  
  149  18:16  Warp Prism (Chrono Boost)  
  149  18:17  Zealot  
  147  18:22  Gateway  
  147  18:25  Gateway  
  147  18:29  Zealot  
  149  18:35  High Templar x4  
  149  18:36  High Templar  
  149  18:37  Zealot, High Templar  
  149  18:38  Zealot x2  
  149  18:39  Archon  
  149  18:40  Archon  
  149  18:41  Archon  
  165  18:49  Pylon  
  165  18:55  Zealot x3  
  167  18:59  Zealot x3  
  177  19:12  Stalker x5  
  160  19:22  Zealot x5  
  144  19:46  Zealot x5  
  144  19:47  Zealot  
Show
View Real Time Build Order
Export as new Build Order

Cham Zerg 

Build Orders: Hatch First 

Get SALT Encoding   

  12  0:00  Drone  
  13  0:07  Drone  
  14  0:16  Overlord  
  14  0:35  Drone x2  
  16  0:46  Hatchery  
  15  0:51  Drone  
  15  0:55  Drone  
  17  0:58  Drone  
  18  1:11  Spawning Pool  
  18  1:13  Extractor  
  18  1:16  Drone  
  17  1:19  Drone  
  18  1:30  Drone  
  19  1:42  Drone  
  20  1:50  Drone  
  21  1:58  Queen x2  
  21  1:59  Zergling x2  
  27  2:01  Zergling x2  
  27  2:10  Drone  
  27  2:13  Overlord  
  28  2:32  Hatchery  
  28  2:34  Drone x3  
  28  2:35  Drone  
  31  2:40  Queen  
  33  2:46  Drone  
  33  2:47  Drone  
  35  2:57  Overlord  
  35  2:59  Queen, Extractor  
  35  3:02  Overlord  
  37  3:15  Drone x6  
  37  3:16  Drone  
  44  3:20  Drone  
  44  3:24  Overlord  
  45  3:27  Drone  
  45  3:31  Spore Crawler  
  45  3:32  Queen  
  45  3:34  Drone  
  48  3:41  Drone x2  
  48  3:42  Drone x2  
  52  3:49  Spore Crawler  
  52  3:50  Spore Crawler  
  52  3:52  Drone x2  
  52  3:54  Drone  
  53  4:00  Drone x4  
  57  4:05  Overlord  
  57  4:06  Drone  
  57  4:07  Overlord  
  57  4:08  Metabolic Boost  
  58  4:14  Evolution Chamber  
  58  4:16  Drone  
  58  4:18  Overlord  
  58  4:21  Overlord  
  58  4:25  Drone x2  
  58  4:26  Overlord  
  58  4:29  Drone x2  
  58  4:30  Drone  
  63  4:32  Drone  
  63  4:37  Roach Warren, Overlord  
  63  4:41  Drone  
  63  4:42  Drone, Extractor  
  63  4:43  Drone x2  
  63  4:44  Zerg Melee Weapons Level 1  
  66  4:46  Drone x2  
  66  4:48  Extractor  
  66  4:49  Extractor  
  66  4:54  Drone x3  
  66  4:55  Drone x3  
  66  4:58  Lair  
  72  5:00  Drone  
  72  5:03  Zergling x2  
  74  5:10  Overlord  
  74  5:11  Zergling x2, Hatchery  
  74  5:14  Drone  
  74  5:17  Zergling x8  
  79  5:22  Queen  
  79  5:27  Zergling x14  
  88  5:35  Zergling x2  
  87  5:43  Zergling x6  
  87  5:47  Roach x6  
  87  5:48  Queen  
  97  6:05  Zergling x2  
  97  6:06  Zergling x14  
  105  6:12  Drone x2  
  100  6:18  Drone x2  
  100  6:19  Drone  
  100  6:24  Drone x2  
  102  6:28  Spore Crawler, Drone x2  
  102  6:30  Hatchery  
  102  6:31  Glial Reconstitution  
  102  6:33  Overlord  
  102  6:36  Drone  
  103  6:41  Drone  
  103  6:42  Drone  
  103  6:43  Overlord  
  103  6:46  Zerg Melee Weapons Level 2  
  105  6:51  Spore Crawler  
  103  6:57  Drone x3  
  103  6:58  Drone x5  
  108  7:04  Drone  
  108  7:05  Drone x5  
  114  7:08  Extractor  
  114  7:09  Roach x2, Extractor  
  114  7:15  Drone  
  117  7:17  Baneling Nest  
  117  7:19  Zergling x2  
  117  7:20  Zergling x14  
  124  7:25  Overlord  
  124  7:26  Zergling x4  
  124  7:27  Zergling x2  
  127  7:30  Drone  
  127  7:33  Overlord  
  127  7:34  Drone, Overlord  
  127  7:35  Zergling x4  
  131  7:41  Drone x2  
  131  7:42  Drone x4  
  131  7:44  Zergling x8  
  140  7:54  Zergling x14  
  142  8:05  Hatchery  
  136  8:08  Roach  
  136  8:09  Roach x7  
  136  8:12  Centrifugal Hooks  
  151  8:13  Overlord x2  
  151  8:19  Zergling x14  
  151  8:21  Zergling x2  
  151  8:25  Overlord x4  
  151  8:28  Baneling x5  
  151  8:29  Baneling x5  
  151  8:33  Zergling x6  
  154  8:37  Drone  
  153  8:52  Baneling x6  
  153  8:53  Baneling x3  
  153  8:55  Drone x3  
  143  8:56  Drone x4  
  143  8:57  Zergling x2  
  143  8:58  Zergling x8  
  143  9:02  Zerg Missile Weapons Level 1  
  150  9:05  Zergling x4  
  150  9:09  Roach  
  145  9:16  Baneling x4  
  145  9:19  Zergling x16  
  151  9:27  Zergling x4  
  147  9:33  Roach x3  
  147  9:34  Roach x2  
  155  9:39  Baneling  
  155  9:40  Baneling x8, Hatchery  
  153  9:48  Roach x5  
  153  9:49  Roach x2  
  164  9:53  Roach x2  
  164  9:56  Zergling x4  
  162  10:04  Zergling x18  
  162  10:06  Hatchery  
  159  10:11  Drone  
  159  10:12  Queen, Drone x2  
  159  10:14  Spore Crawler, Roach x2  
  148  10:15  Roach  
  148  10:16  Zergling x4  
  148  10:20  Zergling x2  
  149  10:25  Zergling x4  
  143  10:28  Zergling x2  
  143  10:29  Zergling x8  
  148  10:37  Drone x6  
  148  10:39  Baneling x5  
  152  10:44  Roach x3  
  155  10:50  Drone x2, Overlord  
  155  10:53  Roach  
  156  11:00  Drone x2  
  156  11:01  Zergling x4  
  158  11:05  Baneling x6, Hatchery  
  158  11:09  Zergling x14  
  162  11:13  Zergling x2  
  162  11:16  Zergling x4, Baneling x6  
  165  11:19  Overseer  
  165  11:24  Zerg Missile Weapons Level 2  
  165  11:28  Spore Crawler x2  
  162  11:36  Zergling x28  
  170  11:51  Zergling x22  
  160  12:04  Zergling x6  
  160  12:05  Zergling x16  
  137  12:08  Roach  
  137  12:12  Roach  
  114  12:18  Roach x4  
  114  12:21  Baneling x10  
  112  12:24  Roach x6  
  112  12:28  Roach x2  
  128  12:34  Roach x3  
  134  12:37  Roach x2  
  135  12:47  Roach x13  
  153  12:51  Roach  
  149  12:58  Roach  
  149  12:59  Roach x4  
  149  13:00  Zergling x2  
  149  13:05  Zergling x8  
  152  13:06  Zergling x2  
  152  13:07  Queen  
  152  13:08  Zergling x8  
  152  13:09  Zergling x4  
  161  13:14  Zergling x10  
  161  13:15  Zergling x4  
  161  13:17  Zergling x2  
  161  13:18  Zergling x2  
  168  13:25  Zergling x2  
  168  13:26  Zergling x6  
  172  13:29  Drone  
  172  13:30  Drone x2  
  172  13:32  Baneling x6  
  172  13:35  Zergling x2  
  172  13:36  Zergling x4  
  172  13:38  Zergling x8  
  176  13:43  Baneling x7  
  176  13:44  Baneling x3  
  176  13:45  Zergling x6  
  176  13:47  Zergling x2  
  176  13:48  Zergling x2  
  179  13:54  Zergling x12  
  179  14:05  Zergling x4  
  179  14:09  Infestation Pit  
  173  14:11  Zergling x2  
  173  14:12  Zergling x16  
  161  14:22  Roach x5  
  161  14:23  Roach x4  
  150  14:26  Roach x5  
  144  14:32  Roach  
  144  14:36  Zergling x10  
  151  14:40  Zergling x6  
  153  14:46  Roach x3  
  157  14:52  Hatchery  
  157  14:56  Roach x5  
  152  15:02  Drone x2  
  152  15:04  Zergling x2, Spore Crawler  
  147  15:07  Roach x3  
  147  15:09  Zergling x4  
  147  15:10  Roach x2  
  147  15:11  Roach  
  132  15:22  Zergling x10  
  135  15:29  Zergling x6  
  135  15:32  Zergling x2  
  136  15:38  Zergling x6  
  139  15:46  Roach  
  139  15:47  Zergling x2, Roach x2  
  139  15:48  Hatchery  
  139  15:49  Zergling x4  
  145  15:56  Zergling x2, Roach  
  136  16:00  Zergling x2, Roach  
  131  16:07  Roach x2  
  126  16:13  Roach x2  
  126  16:14  Zergling x2, Roach  
  126  16:17  Zergling x6, Roach x4  
  130  16:23  Roach x2  
  130  16:24  Zergling x2  
  114  16:25  Roach  
  114  16:30  Roach x2  
  107  16:35  Roach  
  109  16:40  Roach x3  
  109  16:42  Roach  
  109  16:44  Roach x2  
  109  16:45  Roach x2  
  123  16:57  Roach x3  
  120  17:01  Roach  
  120  17:02  Zergling x2  
  120  17:06  Zergling x2  
  121  17:16  Hatchery  
  121  17:22  Zergling x10  
  118  17:41  Hatchery  
  118  17:42  Zergling x2  
  97  17:54  Ravager x2  
  97  17:56  Ravager  
  97  17:57  Ravager  
  99  17:58  Ravager  
  99  17:59  Zergling x6  
  99  18:04  Zergling x2  
  104  18:07  Zergling x2, Roach  
  106  18:15  Zergling x4  
  105  18:21  Zergling x4  
  105  18:24  Zergling x2  
  108  18:29  Zergling x2  
  109  18:39  Zergling x4  
  111  18:43  Zergling x4  
  111  18:45  Zergling x2  
  111  18:47  Baneling x2  
  111  18:48  Baneling x2  
  113  18:49  Baneling  
  113  18:50  Baneling  
  113  18:57  Zergling x6  
  113  18:58  Zergling x2  
  114  19:09  Baneling x2  
  98  19:20  Zergling x12  
  98  19:25  Ravager x7  
  99  19:36  Roach  
  99  19:37  Roach x2  
Tags
 
Add a new tag
Caveats
  • Supply blocks, unpowered buildings, or Contaminate may cause inaccurate times.
  • Supply counts are checked every 10 seconds.